 Dungeon Crawl Stone Soup version 0.28.0-43-g3370ac3207 (webtiles) character file.

Game seed: 13463222880040231566

3927 Faeu the Blocker (level 10, -9/81 (91) HPs)
             Began as a Minotaur Fighter on Mar 25, 2022.
             Was a Believer of Elyvilon.
             Mangled by Gastronok (28 damage)
             ... on level 8 of the Dungeon.
             The game lasted 00:34:46 (8174 turns).

Faeu the Blocker (Minotaur Fighter)                 Turns: 8174, Time: 00:34:47

HP:   -9/81 (91)    AC: 14    Str: 25    XL:     10   Next: 1%
MP:   0/9           EV:  7    Int:  5    God:    Elyvilon [**....]
Gold: 367           SH:  6    Dex: 10    Spells: 9/9 levels left

rFire   . . .      SeeInvis .   J - +3 scimitar {long}
rCold   . . .      Faith    .   c - +0 buckler
rNeg    + . .      Spirit   +   u - +0 plate armour
rPois   +          Reflect  .   (helmet restricted)
rElec   .          Harm     .   (no cloak)
rCorr   .          Rampage  .   (no gloves)
Will    .....                   (no boots)
Stlth   ..........              A - amulet of guardian spirit
HPRegen 0.23/turn               m - ring of positive energy
MPRegen 0.11/turn               i - ring of poison resistance

@: heavily drained
A: horns 2, retaliatory headbutt
a: Renounce Religion, Purification, Heal Other


You were on level 8 of the Dungeon.
You worshipped Elyvilon.
Elyvilon was pleased with you.
You visited 2 branches of the dungeon, and saw 8 of its levels.

You collected 367 gold pieces.


Innate Abilities, Weirdness & Mutations

You have a pair of horns on your head.
You reflexively headbutt those who attack you in melee.


   Skills:
 + Level 9.4 Fighting
 + Level 9.1 Long Blades
 + Level 9.3 Armour
 + Level 9.4 Shields


You had 9 spell levels left.
You didn't know any spells.
Your spell library contained the following spells:

 Spells                   Type           Power      Damage    Failure   Level
 Sandblast                Erth           0%         2d4       100%        1
 Passwall                 Tmut/Erth      0%         N/A       100%        2
 Sublimation of Blood     Necr           0%         N/A       100%        2
 Wereblood                Tmut           0%         N/A       100%        2
 Call Canine Familiar     Summ           0%         N/A       100%        3
 Dazzling Flash           Conj/Hex       0%         N/A       100%        3
 Portal Projectile        Hex/Tloc       0%         N/A       100%        3
 Stone Arrow              Conj/Erth      0%         3d7       100%        3
 Leda's Liquefaction      Hex/Erth       0%         N/A       100%        4
 Olgreb's Toxic Radiance  Pois           0%         N/A       100%        4
 Agony                    Necr           0%         N/A       100%        5
 Silence                  Hex/Air        0%         N/A       100%        5
 Ozocubu's Refrigeration  Ice            0%         4d5       100%        7
 Summon Hydra             Summ           0%         N/A       100%        7
 Ignition                 Fire           0%         3d3       100%        8

Inventory:

Hand Weapons
 a - a +0 long sword {long}
 h - a +5 flail {mace}
   (You took it off a wight on level 8 of the Dungeon)
 B - a +0 whip of electrocution {mace}
   (You took it off Pikel on level 7 of the Dungeon)
 D - a +1 short sword of freezing {short}
   (You took it off an orc on level 7 of the Dungeon)
 F - a +1 flail of protection {mace}
   (You found it on level 8 of the Dungeon)
 G - a +4 antimagic spear {polearm}
   (You took it off a wight on level 8 of the Dungeon)
 H - a +2 short sword {short}
   (You took it off a wight on level 8 of the Dungeon)
 I - a +4 halberd {polearm}
   (You took it off a wight on level 8 of the Dungeon)
 J - a +3 scimitar (weapon) {long}
   (You took it off a wight on level 8 of the Dungeon)
Missiles
 s - 3 poisoned darts {throwing}
 z - 5 boomerangs (quivered) {throwing}
Armour
 c - a +0 buckler (worn)
 u - a +0 plate armour (worn)
   (You found it on level 3 of the Dungeon)
Jewellery
 i - a ring of poison resistance (right hand)
   (You found it on level 1 of the Dungeon)
 m - a ring of positive energy (left hand)
   (You found it on level 2 of the Dungeon)
 A - an amulet of guardian spirit (around neck)
   (You found it on level 5 of the Dungeon)
Wands
 y - a wand of flame (23)
   (You took it off Natasha on level 4 of the Dungeon)
 E - a wand of paralysis (7)
   (You found it on level 8 of the Dungeon)
Scrolls
 e - a scroll of summoning
 k - 2 scrolls of enchant armour
 o - a scroll of immolation {unknown}
 p - a scroll of fear {unknown}
 q - a scroll of enchant weapon {unknown}
 t - 2 scrolls of teleportation {@r4}
 C - a scroll of noise {unknown}
Potions
 d - 2 potions of might
 g - a potion of heal wounds {unknown}
 j - a potion of degeneration {unknown}
 l - 2 potions of flight
 n - 3 potions of mutation {!q}
 r - a potion of lignification {unknown}
 w - 3 potions of attraction {!q}
 x - a potion of berserk rage {unknown}

Dungeon Overview and Level Annotations

Branches:
Dungeon (8/15)             Temple (1/1) D:4
   Lair: D:8-11

Altars:
Ashenzari
Elyvilon
Fedhas
Gozag
Makhleb
Nemelex Xobeh
Okawaru
Vehumet
Xom
Zin
The Shining One

Annotations:
D:8 Gastronok

..............#
#.........
#............## #..#...
.. . #.........##'#
#.F#... . #......####..#
#..# #....###....# ##..#
#...##...g.g# ...#
#...#....#o.# ..#
#..##...##..##########'#
#..#...###.....w@goo...#
#..#...# #.....rbrF...)#
#.##..###############..#
#.#......... .........#
#.)......... .........#
#.########## ##########
..# ### #


You could see Gastronok (swift, ally target), 2 orc warriors, a bullfrog, a
river rat (summoned), a quokka (summoned), a bat (summoned) and a friendly gnoll
sergeant (summoned).


Message History

😨 HP[-1] MP[+1]
You take 1 damage, and now have 39/81 hp.
You barely miss the howler monkey zombie.
The bat hits you but does no damage. The orc barely misses you.
The orc warrior hits you from afar with a +0 halberd!
* * * LOW HITPOINT WARNING * * *
The howler monkey zombie hits you. 😨 HP[-5] MP[-2]
You take 5 damage, and now have 34/81 hp.
You lost 2 mp, and now have 4/9 mp.
The bat hits you but does no damage. The bat closely misses you.
The orc warrior hits you from afar with a +0 halberd.
* * * LOW HITPOINT WARNING * * *
😨 HP[-5]
You take 5 damage, and now have 29/81 hp.
The bat hits you but does no damage. As you open the door, it creaks loudly!
You hear a shout!
You hear a loud, deep croak!
You hear a horrible gurgling sound!
You hear a shout!
The bat hits you but does no damage.
An orc warrior comes into view. It is wielding a +0 flail.
The orc hits you but does no damage.
Your gnoll hits the howler monkey zombie with a +0 club.
The orc warrior closely misses you.
A bullfrog comes into view.
The howler monkey zombie hits your gnoll.
The river rat barely misses you. You furiously retaliate!
You headbutt the river rat!
You kill the river rat!
The river rat's corpse disappears in a puff of smoke!
The bat hits you but does no damage.
Your gnoll sergeant hits the howler monkey zombie from afar with a +1 vorpal trident.
The howler monkey zombie is destroyed!
The orc hits you with a +0 flail.
* * * LOW HITPOINT WARNING * * *
Your orc misses the bat.
The orc warrior hits you but does no damage.
The bat hits your gnoll but does no damage.
You swap places.
Your orc dissolves into shadows!
The bat completely misses you.
The orc hits your gnoll with a +0 flail.
Your gnoll hits the orc with a +0 club. You block the orc warrior's attack.
Okay, then.
You feel better.
The bat hits your gnoll but does no damage.
The orc hits your gnoll with a +0 flail.
The bat hits you but does no damage. You block the orc warrior's attack.
Your gnoll sergeant hits the orc from afar with a +1 vorpal trident!
The orc dies!
Your gnoll misses the bat.
Your gnoll hits Gastronok with a +0 club. 😨 HP[+7]
You regained 7 hp, and now have 36/81 hp.
You are too injured to fight recklessly!
Your gnoll dissolves into shadows! x2
The bat hits you but does no damage.
Gastronok mumbles some strange words.
Gastronok puts on a burst of speed!
The bat barely misses your gnoll.
Your gnoll sergeant hits the bat with a +1 vorpal trident!
The bat dies!
The bat's corpse disappears in a puff of smoke!
Your gnoll barely misses the orc warrior.
Your orc hits Gastronok with a +0 falchion.
Your orc dissolves into shadows!
The bullfrog barely misses your gnoll.
Your gnoll hits the orc warrior with a +0 club. 😨 MP[+1]
The bullfrog closely misses your gnoll. The bullfrog barely misses your gnoll.
Your gnoll barely misses the orc warrior. 😨 HP[+1]
Your gnoll dissolves into shadows!
You hit Gastronok. You headbutt Gastronok.
Your gnoll sergeant hits Gastronok from afar with a +1 vorpal trident!
You slash Gastronok!
The orc warrior hits you from afar with a +0 halberd!
* * * LOW HITPOINT WARNING * * *
Gastronok mumbles some strange words.
Your gnoll sergeant hits Gastronok from afar with a +1 vorpal trident! 😨 HP[-12] MP[-2]
You take 12 damage, and now have 25/81 hp.
You lost 2 mp, and now have 3/9 mp.
You hit Gastronok. The bat hits you but does no damage.
The orc warrior hits you from afar with a +0 halberd!
* * * LOW HITPOINT WARNING * * *
Your gnoll sergeant blocks the bullfrog's attack.
The quokka bites you but does no damage.
Your gnoll sergeant hits Gastronok from afar with a +1 vorpal trident! 😱 HP[-5] MP[-1]
You take 5 damage, and now have 20/81 hp.
You lost 1 mp, and now have 2/9 mp.
You hit Gastronok. The bat hits you but does no damage.
Your gnoll sergeant blocks the bat's attack.
The bullfrog closely misses your gnoll sergeant.
You block the orc warrior's attack. The quokka bites you.
* * * LOW HITPOINT WARNING * * *
You block the bat's attack.
The bullfrog barely misses your gnoll sergeant.
Gastronok bites you!!
You die...

Skill      XL: |  1  2  3  4  5  6  7  8  9 |
---------------+----------------------------+-----
Shields        | 4 5 6 7 9 |  9.4
Fighting       | 4 5 6 7 9 |  9.4
Long Blades    | 3 4 5 6 7 9 |  9.1
Armour         | 4 5 6 7 9 |  9.3

Action                   |  1- 3 |  4- 6 |  7- 9 | 10-12 || total
-------------------------+-------+-------+-------+-------++-------
Melee: Long sword        |    74 |    77 |   278 |       ||   429
       Headbutt          |     6 |    14 |    57 |     3 ||    80
       Flail             |       |       |     7 |     4 ||    11
       Scimitar          |       |       |       |    11 ||    11
Throw: Dart              |       |     1 |     4 |       ||     5
       Boomerang         |       |       |     9 |       ||     9
  Use: Scroll            |       |       |     6 |     3 ||     9
       Potion            |       |       |       |     1 ||     1
Armor: Scale mail        |    27 |       |       |       ||    27
       Chain mail        |    24 |     8 |       |       ||    32
       Plate armour      |       |    36 |   165 |    20 ||   221
Dodge: Dodged            |    38 |    27 |    98 |    14 ||   177
Block: Buckler           |    17 |    12 |    67 |    12 ||   108

Levels and vault maps discovered:
D:1:      lightli_arrival_flooded_house, layout_rooms, serial_rivers,
          chequers_serial_rivers_room_a, chequers_serial_rivers_micro_e,
          chequers_serial_rivers_small_b, chequers_serial_rivers_micro_d,
          minmay_misc_feat_ornament
D:2:      layout_loops_ring, minmay_surrounded
D:3:      layout_basic, gammafunk_temple_overflow_pools
D:4:      layout_loops_ring, mainiacjoe_overflow_big_doors,
          minmay_temple_entry_fiery, uniq_natasha, uniq_robin, uniq_ijyb
D:5:      layout_basic, grunt_temple_overflow_gold_and_silver,
          lemuel_doored_altar, ashenzari_altar_1
D:7:      nicolae_cairo_tiling_large, layout_basic, uniq_duvessa, uniq_pikel
D:8:      minmay_quarter_circles, layout_basic, vehumet_altar_wand_db,
          serial_ice, serial_ice_f, serial_ice_h, serial_ice_e, serial_ice_m,
          uniq_gastronok
Temple:   nicolae_temple_figure_zero

Notes
Turn   | Place    | Note
-------+----------+-------------------------------------------
     0 | D:1      | Faeu the Minotaur Fighter began the quest for the Orb.
     0 | D:1      | Reached XP level 1. HP: 19/19 MP: 0/0
     0 | D:1      | magus.rc [v1.9.6]
   287 | D:1      | Reached XP level 2. HP: 27/27 MP: 1/1
   871 | D:2      | Reached skill level 4 in Shields
   872 | D:2      | Reached skill level 4 in Fighting
  1124 | D:2      | Reached skill level 3 in Long Blades
  1124 | D:2      | Reached skill level 4 in Armour
  1210 | D:2      | HP: 1/27 [worm (7)]
  1213 | D:2      | Reached XP level 3. HP: 1/33 MP: 2/2
  1902 | D:3      | Noticed an ogre
  1908 | D:3      | Killed an ogre
  1909 | D:3      | Reached XP level 4. HP: 41/41 MP: 3/3
  2159 | D:3      | You pick up a book of Blood and begin reading...
  2159 | D:3      | You add the spells Sublimation of Blood, Wereblood and
                  | Summon Hydra to your library.
  2257 | D:3      | Reached XP level 5. HP: 40/47 MP: 4/4
  2371 | D:3      | Found a sparkling altar of Nemelex Xobeh.
  2371 | D:3      | Found a blossoming altar of Fedhas.
  2831 | D:4      | You pick up a book of Geomancy and begin reading...
  2831 | D:4      | You add the spells Sandblast, Passwall and Stone Arrow to
                  | your library.
  2868 | D:4      | Found a glowing golden altar of the Shining One.
  2885 | D:4      | Noticed a necrophage
  2891 | D:4      | Killed a necrophage
  2892 | D:4      | Reached skill level 5 in Fighting
  2892 | D:4      | Reached skill level 4 in Long Blades
  2892 | D:4      | Reached skill level 5 in Armour
  2892 | D:4      | Reached skill level 5 in Shields
  2954 | D:4      | Noticed an ogre
  2963 | D:4      | Killed an ogre
  2964 | D:4      | Reached XP level 6. HP: 20/56 MP: 5/5
  3223 | D:4      | Noticed Robin
  3265 | D:4      | Killed Robin
  3279 | D:4      | Noticed Natasha
  3292 | D:4      | Killed Natasha
  3462 | D:4      | Reached skill level 5 in Long Blades
  3462 | D:4      | Reached XP level 7. HP: 34/62 MP: 6/6
  3693 | D:4      | Noticed Ijyb
  3733 | D:4      | Killed Ijyb
  3798 | D:4      | Noticed Natasha
  3811 | D:4      | Killed Natasha
  3951 | D:4      | Noticed Natasha
  3971 | D:4      | Killed Natasha
  4084 | D:4      | You pick up a book of the Senses and begin reading...
  4084 | D:4      | You add the spells Dazzling Flash, Agony and Silence to
                  | your library.
  4204 | D:4      | Found a shimmering altar of Xom.
  4236 | D:4      | Found a staircase to the Ecumenical Temple.
  4242 | Temple   | Entered the Ecumenical Temple
  4254 | Temple   | Became a worshipper of Elyvilon the Healer
  4267 | D:4      | You pick up a book of the Hunter and begin reading...
  4267 | D:4      | You add the spells Call Canine Familiar, Portal Projectile
                  | and Leda's Liquefaction to your library.
  4299 | D:5      | Entered Level 5 of the Dungeon
  4314 | D:5      | Reached skill level 6 in Fighting
  4323 | D:5      | Reached skill level 6 in Armour
  4323 | D:5      | Reached skill level 6 in Shields
  4468 | D:5      | Found a glowing silver altar of Zin.
  4468 | D:5      | Found an opulent altar of Gozag.
  4637 | D:5      | Found a broken altar of Ashenzari.
  4655 | D:5      | Reached skill level 6 in Long Blades
  4669 | D:5      | Reached XP level 8. HP: 46/71 MP: 7/7
  4849 | D:5      | Found an iron altar of Okawaru.
  5259 | D:5      | Reached skill level 7 in Fighting
  5259 | D:5      | Reached skill level 7 in Shields
  5286 | D:5      | Reached skill level 7 in Armour
  5442 | D:5      | You fall into a shaft and drop 2 floors!
  5530 | D:7      | Noticed Pikel
  5558 | D:7      | Killed Pikel
  5559 | D:7      | Reached skill level 7 in Long Blades
  5603 | D:7      | Reached * piety under Elyvilon
  5621 | D:7      | Reached XP level 9. HP: 81/81 MP: 8/8
  5799 | D:7      | HP: 19/81 [orc warrior/+0 war axe (10)]
  5805 | D:7      | Reached skill level 8 in Fighting
  5805 | D:7      | Reached skill level 8 in Shields
  6132 | D:7      | Reached skill level 8 in Armour
  6279 | D:7      | Noticed Duvessa
  6284 | D:7      | Noticed Dowan
  6291 | D:7      | Killed Duvessa
  6299 | D:7      | Killed Dowan
  6300 | D:7      | Reached skill level 8 in Long Blades
  6954 | D:8      | Reached ** piety under Elyvilon
  6989 | D:8      | Found a radiant altar of Vehumet.
  7135 | D:8      | Noticed a two-headed ogre
  7145 | D:8      | Killed a two-headed ogre
  7146 | D:8      | Reached skill level 9 in Fighting
  7146 | D:8      | Reached skill level 9 in Armour
  7146 | D:8      | Reached skill level 9 in Shields
  7400 | D:8      | You add the spells Olgreb's Toxic Radiance, Ozocubu's
                  | Refrigeration and Ignition to your library.
  7445 | D:8      | Reached skill level 9 in Long Blades
  7787 | D:8      | Reached XP level 10. HP: 39/84 MP: 2/9
  8109 | D:8      | Noticed Gastronok
  8109 | D:8      | Gastronok the Ponderous comes into view. He is wearing the
                  | +3 hat of Pondering {ponderous, Will+ MP+10 Int+5}.
  8110 | D:8      | Aim: Gastronok, wearing the +3 hat of Pondering {ponderous,
                  | Will+ MP+10 Int+5} (covering ground quickly, about 6% to
                  | evade your +3 scimitar)
  8173 | D:8      | HP: 20/81 [orc warrior/+0 halberd (6)]
  8174 | D:8      | Mangled by Gastronok

Vanquished Creatures
  A two-headed ogre (D:8)
  Pikel (D:7)
  A vampire mosquito (D:8)
  2 steam dragons (D:8)
  A water moccasin (D:7)
  Duvessa (D:7)
  An orc warrior (D:7)
  2 ice beasts (D:5)
  2 black bears (D:5)
  A necrophage (D:4)
  2 centaurs
  A hornet zombie (D:8)
  5 ogres
  A phantom (D:4)
  2 scorpions (D:7)
  A water moccasin zombie (D:5)
  Dowan (D:7)
  A water moccasin skeleton (D:5)
  5 wights (D:8)
  3 hounds (D:5)
  A jelly (D:5)
  A bullfrog skeleton (D:5)
  A centaur zombie (D:8)
  A centaur skeleton (D:7)
  Ijyb (D:4)
  An iguana (D:5)
  Natasha (thrice) (D:4)
  4 orc wizards
  A centaur simulacrum (D:8)
  Robin (D:4)
  3 adders
  2 white imps (D:8)
  A howler monkey simulacrum (D:8)
  2 ufetubi
  3 worms
  3 dart slugs
  13 orcs
  5 endoplasms
  A giant cockroach (D:4)
  16 goblins
  2 hobgoblins
  4 jackals (D:3)
  A quokka (D:2)
  5 ball pythons
  5 bats
  2 frilled lizards
  5 kobolds
  4 rats
127 creatures vanquished.

Vanquished Creatures (collateral kills)
  A howler monkey zombie (D:8)
  An orc (D:8)
2 creatures vanquished.

Vanquished Creatures (others)
  A white imp (D:8)
  An orc (D:8)
2 creatures vanquished.

Grand Total: 131 creatures vanquished

Table legend:
 A = Non-vault XP
 B = Vault XP
 C = Vault XP percentage of total XP
 D = Non-vault monster count
 E = Vault monster count
 F = Vault count percentage of total count
                 A         B        C        D         E       F
            +---------+---------+-------+---------+---------+-------
      Total |    4190 |    1420 |  25.3 |      96 |      34 |  26.2
            +---------+---------+-------+---------+---------+-------
        D:1 |      22 |       0 |   0.0 |      11 |       0 |   0.0
        D:2 |      30 |       8 |  21.1 |      10 |       6 |  37.5
        D:3 |     159 |       0 |   0.0 |      16 |       0 |   0.0
        D:4 |     562 |     106 |  15.9 |      12 |      13 |  52.0
        D:5 |    1019 |       0 |   0.0 |      21 |       0 |   0.0
        D:7 |     941 |     857 |  47.7 |      15 |       3 |  16.7
        D:8 |    1457 |     449 |  23.6 |      11 |      12 |  52.2
            +---------+---------+-------+---------+---------+-------

Illustrated notes

Table legend:
 A = Kills in this place as a percentage of kills in entire the game.
 B = Kills by you in this place as a percentage of kills by you in the entire game.
 C = Kills by friends in this place as a percentage of kills by friends in the entire game.
 D = Other kills in this place as a percentage of other kills in the entire game.
 E = Experience gained in this place as a percentage of experience gained in the entire game.
 F = Experience gained in this place divided by the number of levels of this place that you have seen.
                   A       B       C       D       E      F
               +-------+-------+-------+-------+-------+----------------------
         Total | 100.0 | 100.0 | 100.0 | 100.0 | 100.0 | 701.2
       Dungeon | 100.0 | 100.0 | 100.0 | 100.0 | 100.0 | 801.4
               +-------+-------+-------+-------+-------+----------------------

Table legend: (Time is in decaauts)
 A = Elapsed time spent in this place.
 B = Non-inter-level travel time spent in this place.
 C = Inter-level travel time spent in this place.
 D = Time resting spent in this place.
 E = Time spent auto-exploring this place.
 F = Levels seen in this place.
 G = Mean time per level.
                   A        B        C        D        E       F      G
               +--------+--------+--------+--------+--------+-----+--------+
         Total |   8244 |   8046 |    198 |   1504 |   4675 |   8 | 1030.5 |
       Dungeon |   8221 |   8023 |    198 |   1504 |   4675 |   7 | 1174.4 |
        Temple |     22 |     22 |      0 |      0 |      0 |   1 |   22.0 |
               +--------+--------+--------+--------+--------+-----+--------+

Top non-repeatable levels by time:
     D:7: 1509 daAuts
     D:4: 1483 daAuts
     D:8: 1232 daAuts
     D:5: 1155 daAuts
     D:2: 1152 daAuts
     D:3: 941 daAuts
     D:1: 745 daAuts
  Temple: 22 daAuts
